 Dungeon Crawl Stone Soup version 0.30-b1-2-g02819fbbbe (webtiles) character file.

Game seed: 13958926537176748613

298 Fartwhistle the Changer (level 6, -7/37 (38) HPs)
             Began as an Octopode Transmuter on June 10, 2023.
             Mangled by a caustic shrike skeleton (23 damage)
             ... on level 1 of the Abyss.
             The game lasted 00:05:30 (2993 turns).

Fartwhistle the Changer (Octopode Transmuter)       Turns: 2993, Time: 00:05:30

HP:   -7/37 (38)    AC:  1    Str:  9    XL:     6   Next: 36%
MP:   11/11         EV: 13    Int: 18    God:
Gold: 137           SH:  0    Dex: 18    Spells: 6/12 levels left

rFire   . .          .
                       - Unarmed
rCold   . . .        (no shield)
rNeg    . . .        (helmet restricted)
rPois   .            l - amulet of the acrobat
rElec   .            o - +6 ring of dexterity
rCorr   .            (no ring)
SInv    .            (no ring)
Will    .....        (no ring)
Stlth   +++          (no ring)
HPRegen 0.26/turn    (no ring)
MPRegen 0.12/turn    (no ring)
                     (no ring)

%: acrobat
@: lightly drained
A: almost no armour, amphibious, 8 rings, camouflage 1, gelatinous body 1,
(nimble swimmer 1), tentacles
a: no special abilities


You were on level 1 of the Abyss.
You visited 1 branch of the dungeon, and saw 4 of its levels.
You visited the Abyss 1 time.

You collected 137 gold pieces.

Inventory:

Magical Staves
 p - a staff of fire
Jewellery
 g - a ring of fire
 l - an amulet of the acrobat (around mantle)
 o - a +6 ring of dexterity (left tentacle)
Scrolls
 c - a scroll of fog {unknown}
 e - 2 scrolls of vulnerability
 f - 6 scrolls of identify
 h - a scroll of silence {unknown}
 i - a scroll of poison {unknown}
 m - a scroll of teleportation {unknown}
Potions
 b - 3 potions of might {unknown}
 d - 4 potions of curing
 j - 2 potions of magic {unknown}
 k - a potion of degeneration {unknown}
 n - a potion of invisibility {unknown}


   Skills:
 - Level 1.0 Fighting
 - Level 2.0 Dodging
 - Level 3.0 Unarmed Combat
 + Level 3.5 Spellcasting
 * Level 5.2 Transmutations
 - Level 2.0 Poison Magic


You had 6 spell levels left.
You knew the following spells:

 Your Spells              Type           Power      Damage    Failure   Level
a - Beastly Appendage     Tmut           44%        N/A       1%          1
b - Wereblood             Tmut           22%        N/A       2%          2
c - Spider Form           Tmut/Pois      16%        N/A       11%         3

Your spell library contained the following spells:

 Spells                   Type           Power      Damage    Failure   Level
 Passwall                 Tmut/Erth      10%        N/A       8%          2
 Sandblast                Erth           6%         2d5       16%         1
 Stone Arrow              Conj/Erth      6%         3d7       43%         3
 Ice Form                 Ice/Tmut       12%        N/A       45%         4
 Anguish                  Hex/Necr       1%         N/A       83%         4
 Enfeeble                 Hex            1%         N/A       100%        7


Dungeon Overview and Level Annotations

Branches:
Dungeon (4/15)
 Temple: D:4-7

Altars:

Shops:
D:2 :


Innate Abilities, Weirdness & Mutations

You cannot wear most types of armour.
You are amphibious.
You can wear up to eight rings at the same time.
Your skin changes colour to match your surroundings (Stealth+).
Your rubbery body absorbs attacks. (AC +1, EV +1)
((You are camouflaged when in or above water. (Stealth+)))
You have tentacles for arms and can constrict up to eight enemies at once.


Message History

* * * LOW HITPOINT WARNING * * *
Space warps around you.
* * * LOW HITPOINT WARNING * * *
Really quaff the potion of lignification?
Your transformation has ended.
You turn into a tree.
Your roots penetrate the ground.
The wight completely misses you.
It was a potion of curing.
You feel better. The wight hits you but does no damage.
You hit the wight.
The wight is heavily damaged.
The wight hits you but does no damage.
You are cast into the Abyss!
This branch contains the abyssal rune of Zot.
You cannot move.
You cannot move.
You start resting.
Magic restored.
You start resting.
Your transformation is almost over.
You feel less wooden.
You start resting.
A smoke demon comes into view.
A smoke demon is nearby!
Found a gateway leading deeper into the Abyss.
A caustic shrike skeleton comes into view.
The caustic shrike skeleton attacks as you move away!
The caustic shrike skeleton closely misses you.
The caustic shrike skeleton claws you!
The caustic shrike skeleton attacks as you move away!
The caustic shrike skeleton claws you!
The caustic shrike skeleton completely misses you.
The caustic shrike skeleton claws you.
The caustic shrike skeleton completely misses you.
As you read the scroll labelled BATA PAPOIXKACH, it crumbles to dust.
It is a scroll of identify.
e - 2 scrolls of vulnerability The caustic shrike skeleton claws you!!
Ouch! That really hurt!
You die...

#... ..# #...
##..
#...####...
#.#......
##.......#
#........# #
#.....# #.
##@.###
#..##.Z#..#
#......#..#
#.##..#..#.. #.
..#..#.#.#
.....###.#...##
# #.# ##..#..#
..#.## #.# .


You could see a caustic shrike skeleton.

Vanquished Creatures
  Blork the orc (D:4)
  A scorpion (D:4)
  A wight (D:4)
  6 adders
  4 worms (D:2)
  A dart slug (D:3)
  2 orcs (D:3)
  4 ball pythons
  4 endoplasms
  A giant cockroach (D:2)
  2 goblins
  5 hobgoblins
  2 jackals (D:1)
  A quokka (D:1)
  2 bats (D:2)
  13 frilled lizards
  6 kobolds
  7 rats
63 creatures vanquished.

Vanquished Creatures (others)
  5 plants (D:3)
5 creatures vanquished.

Grand Total: 68 creatures vanquished

Notes
Turn   | Place    | Note
-------+----------+-------------------------------------------
     0 | D:1      | Fartwhistle the Octopode Transmuter began the quest for the
                  | Orb.
     0 | D:1      | Reached XP level 1. HP: 13/13 MP: 3/3
   104 | D:1      | Reached XP level 2. HP: 18/18 MP: 3/5
   107 | D:1      | Learned a level 2 spell: Wereblood
   515 | D:1      | Reached skill level 3 in Transmutations
   619 | D:1      | Reached XP level 3. HP: 21/23 MP: 6/6
   989 | D:2      | Found Sucu Cohogu's Book Shoppe.
   995 | D:2      | Learned a level 3 spell: Spider Form
  1168 | D:2      | Reached XP level 4. HP: 21/28 MP: 5/8
  1629 | D:2      | Identified the +6 short sword of the Pyrrhic Victory
                  | {antimagic, Dex+4}
  1709 | D:3      | Reached skill level 4 in Transmutations
  2253 | D:3      | Reached XP level 5. HP: 30/33 MP: 9/9
  2680 | D:4      | Noticed Blork the orc
  2692 | D:4      | Killed Blork the orc
  2693 | D:4      | Reached skill level 1 in Poison Magic
  2798 | D:4      | Reached skill level 5 in Transmutations
  2798 | D:4      | Reached XP level 6. HP: 37/38 MP: 7/11
  2848 | D:4      | HP: 1/37 [wight/+1 hand axe of distortion (4)]
  2851 | Abyss:1  | Cast into level 1 of the Abyss (wight)
  2959 | Abyss:1  | Noticed a smoke demon
  2984 | Abyss:1  | Noticed a caustic shrike skeleton
  2993 | Abyss:1  | Mangled by a caustic shrike skeleton

Illustrated notes

Levels and vault maps discovered:
D:1:      sevenhm_arrival_forest_fort_small_4, layout_rooms,
          serial_bayou_crossing
D:2:      layout_basic, serial_shops, shop
D:3:      layout_loops_ring, minmay_lizard_king
D:4:      layout_loops_cross, nicolae_elyvilon_temple_path, uniq_blork_the_orc
Abyss:1:  base: Temple, hangedman_abyss_shoalhut

Skill      XL: |  1  2  3  4  5 |
---------------+----------------+-----
Transmutations | 3 4 5 |  5.2
Spellcasting   | 3 |  3.5
Poison Magic   | 2 |  2.0
Fighting       | |  1.0
Dodging        | |  2.0
Unarmed Combat | |  3.0

Action                     |  1- 3 |  4- 6 || total
---------------------------+-------+-------++-------
  Melee: Unarmed           |    87 |    95 ||   182
         Constrict         |    18 |    12 ||    30
         Tentacles         |    18 |     6 ||    24
         Kick              |     6 |     8 ||    14
         Punch             |     2 |       ||     2
   Cast: Beastly Appendage |     7 |     4 ||    11
         Wereblood         |       |     2 ||     2
         Spider Form       |       |     3 ||     3
    Use: Potion            |       |     2 ||     2
         Scroll            |       |     1 ||     1
   Stab: Sleeping          |     3 |     1 ||     4
 Armour: Skin              |     5 |     4 ||     9
  Dodge: Dodged            |    45 |    66 ||   111
